 Dungeon Crawl Stone Soup version 0.31.0-11-ge490571c62 (webtiles) character file.

Game seed: 15763634725139162800

44 qw the Shooter (level 3, -1/20 HPs)
             Began as a Deep Elf Hunter on Feb 4, 2024.
             Slain by Terence
             ... wielding a +0 trident
              (5 damage)
             ... on level 2 of the Dungeon.
             The game lasted 00:00:21 (828 turns).

qw the Shooter (Deep Elf Hunter)                     Turns: 828, Time: 00:00:22

Health: -1/20      AC:  3    Str: 10    XL:     3   Next: 39%
Magic:  5/5        EV: 12    Int: 13    God:
Gold:   106        SH:  0    Dex: 18    Spells: 2/2 levels left

rFire   . . .        a - +0 shortbow
rCold   . . .        (shield currently unavailable)
rNeg    . . .        c - +0 leather armour
rPois   .            (no helmet)
rElec   .            (no cloak)
rCorr   .            (no gloves)
SInv    .            (no boots)
Will    .....        (no amulet)
Stlth   ++           (no ring)
HPRegen 0.23/turn    (no ring)
MPRegen 0.09/turn

%: no passive effects
@: no status effects
A: no striking features
a: no special abilities


You were on level 2 of the Dungeon.
You visited 1 branch of the dungeon, and saw 2 of its levels.

You collected 106 gold pieces.


   Skills:
 - Level 1.5 Fighting
 + Level 7.0 Ranged Weapons
 - Level 2.4 Dodging
 - Level 1.2 Stealth


You had 2 spell levels left.
You didn't know any spells.
Your spell library was empty.

Inventory:

Hand Weapons
 a - a +0 shortbow (weapon)
Armour
 c - a +0 leather armour (worn)
 h - a +0 pair of gloves
 j - a +0 ring mail
Wands
 e - a wand of paralysis (14)
Scrolls
 b - a scroll of teleportation {unknown}
 f - 2 scrolls of identify
 g - a scroll of fear {unknown}
Potions
 d - 3 potions of cancellation
 i - a potion of magic {unknown}

Dungeon Overview and Level Annotations

Branches:
Dungeon (2/15)

Altars:

Annotations:
D:2 Terence


Message History

The frilled lizard barely misses you. The frilled lizard bites you.
You shoot an arrow. The arrow hits the frilled lizard.
You kill the frilled lizard!
You start resting.
HP restored.
A ball python comes into view.
You shoot an arrow. The arrow hits the ball python!
You kill the ball python!
Found 3 poisoned darts.
You see here a ball python corpse.
Found a stone staircase leading down.
f - 2 scrolls of identify (gained 1)
Found 4 stones.
There is a stone staircase leading down here.
A ball python comes into view.
The ball python hisses angrily.
You shoot an arrow. The arrow hits the ball python!
You kill the ball python!
Your Ranged Weapons skill increases to level 7!
Terence and a rat come into view.
You shoot an arrow. The arrow hits Terence.
Terence is lightly wounded.
You shoot an arrow.
The arrow hits Terence but does no damage.
Terence is lightly wounded.
Terence closely misses you.
You shoot an arrow. The arrow hits Terence.
Terence is moderately wounded.
Terence hits you from afar with a +0 trident.
You shoot an arrow.
The arrow hits Terence but does no damage.
Terence is moderately wounded.
Terence hits you from afar with a +0 trident!
Ouch! That really hurt!
Terence closely misses you. The rat closely misses you.
You shoot an arrow. The arrow hits the rat!
You kill the rat!
Terence hits you from afar with a +0 trident.
You die...
Terence says, "Time to find some more victims."

~~~ #... ... #.........
...# .... #.........
#..# .....##.........
.#.#####................
........................
........................
..................@.....
.#...###........@#
.###.###.........# .#
#..##.........#
#####.##.........#
.....>...........#####
#....................#
.....................#
.....................#
(............#.......#


You could see Terence.

Vanquished Creatures
  2 ribbon worms (D:2)
  6 ball pythons
  2 bats (D:1)
  2 endoplasms (D:1)
  2 giant cockroaches
  5 goblins
  3 hobgoblins
  A quokka (D:1)
  3 frilled lizards
  4 kobolds
  7 rats
37 creatures vanquished.

Notes
Turn   | Place    | Note
-------+----------+-------------------------------------------
     0 | D:1      | qw the Deep Elf Hunter began the quest for the Orb.
     0 | D:1      | Reached XP level 1. HP: 12/12 MP: 3/3
     0 | D:1      | 0 ||| qw: Version: 0.3-a-160-g6735b56
     0 | D:1      | 0 ||| qw: Game counter: 5791
     0 | D:1      | 0 ||| qw: Melee chars always use a shield: true
     0 | D:1      | 0 ||| qw: God list: Okawaru
     0 | D:1      | 0 ||| qw: Allow faded altars: false
     0 | D:1      | 0 ||| qw: Do Orc after clearing Dungeon:15 true
     0 | D:1      | 0 ||| qw: Do second Lair branch before Depths: true
     0 | D:1      | 0 ||| qw: Lair rune preference: random
     0 | D:1      | 0 ||| qw: Goals: Normal
     0 | D:1      | 0 ||| PLANNING D:1-11
    54 | D:1      | Reached XP level 2. HP: 15/16 MP: 4/4
    55 | D:1      | Reached skill level 6 in Ranged Weapons
   379 | D:1      | 379 ||| READING 2 scrolls labelled MIFEPT AHICVUR.
   480 | D:1      | 480 ||| READING scroll labelled TOTEMU EZAYR.
   481 | D:1      | 481 ||| READING scroll labelled NIYFOR JETIYPP.
   481 | D:1      | 481 ||| IDENTIFYING 3 lumpy silvery potions
   482 | D:1      | 482 ||| DROPPING scroll of butterflies.
   483 | D:1      | 483 ||| DROPPING scroll of vulnerability.
   554 | D:2      | Reached XP level 3. HP: 20/20 MP: 5/5
   607 | D:2      | 607 ||| FLEEEEING.
   608 | D:2      | 608 ||| FLEEEEING.
   609 | D:2      | 609 ||| FLEEEEING.
   610 | D:2      | 610 ||| FLEEEEING.
   611 | D:2      | 611 ||| FLEEEEING.
   612 | D:2      | 612 ||| FLEEEEING.
   613 | D:2      | 613 ||| FLEEEEING.
   614 | D:2      | 614 ||| FLEEEEING.
   615 | D:2      | 615 ||| FLEEEEING.
   810 | D:2      | Reached skill level 7 in Ranged Weapons
   823 | D:2      | Noticed Terence
   827 | D:2      | HP: 4/20 [Terence/+0 trident (10)]
   828 | D:2      | Slain by Terence

Levels and vault maps discovered:
D:1:      dpeg_arrival_pond, layout_rooms
D:2:      layout_basic, chequers_serial_rivers_micro_b, uniq_terence

Skill      XL: |  1  2  3 |
---------------+----------+-----
Ranged Weapons | 6 7 |  7.0
Fighting       | |  1.5
Dodging        | |  2.4
Stealth        | |  1.2

Action                     || total
---------------------------++-------
   Fire: Shortbow          ||   102
    Use: Scroll            ||     3
 Armour: Leather armour    ||    29
  Dodge: Dodged            ||    32

Table legend:
 A = Non-vault XP
 B = Vault XP
 C = Vault XP percentage of total XP
 D = Non-vault monster count
 E = Vault monster count
 F = Vault count percentage of total count
                 A         B        C        D         E       F
            +---------+---------+-------+---------+---------+-------
      Total |      64 |       0 |   0.0 |      37 |       0 |   0.0
            +---------+---------+-------+---------+---------+-------
        D:1 |      31 |       0 |   0.0 |      19 |       0 |   0.0
        D:2 |      33 |       0 |   0.0 |      18 |       0 |   0.0
            +---------+---------+-------+---------+---------+-------
